[Event "Rapid Tournament (RAP)"]
[Site "Biel, Switzerland"]
[Date "2026.07.12"]
[Round "5.18"]
[White "Berezovskii, Arina"]
[Black "Haimovich, Tal"]
[Result "0-1"]
[TimeControl "15 + 5"]
[WhiteTitle "-"]
[BlackTitle "-"]
[WhiteFideId "34449850"]
[BlackFideId "2801698"]
[WhiteElo "1895"]
[BlackElo "2245"]

1. e4 e5 2. Nf3 Nc6 3. Bb5 a6 4.
Bxc6 dxc6 5. O-O Qf6 6. d4 exd4 7. Bg5 Qg6 8. Qxd4 Qd6 9. Nc3 Qxd4 10. Nxd4 Bd7 11. Rad1 f6 12. Bf4 O-O-O 13. e5 fxe5 14. Bxe5 Ne7 15. Rfe1 Ng6 16. Bg3 Bb4 17. Rd3 c5 18. Nde2 Bf5 19. Rf3 Rhf8 20. Rd1 Rxd1+ 21. Nxd1 Bxc2 22.
Rxf8+ Nxf8 23. Ne3 Bb1 24. a3 Bd2 25. Be5 Ne6 26. Nc3 Kd7 27. Nc4 Bxc3 28. Bxc3 b5 29. Ne3 Kc6 30. g3 Be4 31.
f4 g6 32. Ng4 h5 33. Ne5+ Kd5 34. Kf2 Nd4 35. Ke3 Nf5+ 36. Ke2 Nd6 37. Nd7 Bf5 38. Ba5 Bxd7 39. Bxc7 Nc4 40. b3 Nxa3 41.
Kd3 Bf5+ 42. Kc3 b4+ 43. Kd2 c4 44. Ba5 cxb3 45. Kc1 Kc4 46. Kb2 Nb5 47. Bd8 Nc3 48. Bf6 a5 49. Be5 a4 50.
Bd6 a3+ 51. Kc1 Kd3 0-1

[Event "Rapid Tournament (RAP)"]
[Site "Biel, Switzerland"]
[Date "2026.07.12"]
[Round "5.19"]
[White "Grzeskowiak, Antoni"]
[Black "Gautier, Anand"]
[Result "1/2-1/2"]
[TimeControl "15 + 5"]
[WhiteTitle "-"]
[BlackTitle "-"]
[WhiteFideId "41855531"]
[BlackFideId "26010186"]
[WhiteElo "1844"]
[BlackElo "2223"]

1. d4 Nf6 2. Nf3 g6 3. Bf4 Bg7 4. e3 O-O 5.
Nc3 d5 6. Be2 c5 7. O-O cxd4 8. exd4 Nc6 9. a3 Ne4 10. Rb1 Bf5 11. Ne5 Rc8 12. g4 Nxe5 13. gxf5 Nc4 14. Nxe4 dxe4 15.
fxg6 hxg6 16. c3 Qa5 17. Bg4 Rcd8 18. Qb3 b5 19. Rfe1 Qb6 20. Be2 Qf6 21. Qxb5 Nxa3 22. bxa3 Qxf4 23. Bf1 Rb8 24. Qe2 Rxb1 25.
Rxb1 Rc8 26. Bg2 Rxc3 27. Qxe4 Qxe4 28. Bxe4 Bxd4 29. a4 Ra3 30. Bc6 Ra2 31. Rf1 Kg7 32. Kg2 e5 33. Kg3 f5 34. f3 Kf6 35. h4 Rc2 36.
Be8 Rc3 37. Kg2 Rc8 38. Bd7 Rc7 39. Be8 Rh7 40. Kg3 Rh8 41. Bc6 Rc8 42. Rc1 Be3 43. Rc4 Bf4+ 44. Kg2 Rh8 45. Bd5 Rxh4 46.
Rc6+ Kg5 47. Bf7 Rh2+ 48. Kg1 Rh6 49.
Kg2 Be3 50. Re6 Bd4 51. a5 f4 52. a6 Kf5 53. Rc6 Kg5 54. Re6 Kh5 55. Rc6 Kg5 56. Re6 Rh7 57. Bxg6 Rg7 58. Be4 Kh5+ 59. Kh2 Rc7 60. Rc6 Rd7 61. Bf5 Rd8 62. Bg6+ Kg5 63. Be4 Rb8 64. Rc2 Rb3 65.
Kh3 Rb6 66. Bb7 Rh6+ 67. Kg2 Kh4 68. Be4 Rh8 69. Rc7 Kg5 70. Rg7+ Kf6 71. Rg6+ Ke7 72. Bd5 Rc8 73. Kh3 Rc1 74. Kg4 Re1 75. Kf5 Re3 76. Be4 Re1 77. Bd5 Kd7 78. Be4 Kc7 79.
Bd5 Rh1 80. Be4 Rh5+ 81. Ke6 Rh8 82. Kd5 Rd8+ 83. Kc4 Bb6 84. Kb5 Rd2 85. Re6 Bd4 86. Rc6+ Kd7 87. Rg6 Re2 88. Bc6+ Kc7 89. Be4 Rxe4 90.
fxe4 f3 91. Rf6 f2 92. Kc4 Kd7 93.
Kd5 Ke7 94. Rf5 Kd7 95. Rf7+ Ke8 96. Ke6 Be3 97. Rf3 Bd4 98. Rf5 Kd8 99. Kd6 Ke8 100. Ke6 Kd8 101. Kd6 Ke8 102. Ke6 Kd8 103. Kd6 Ke8 104. Ke6 1/2-1/2

[Event "Rapid Tournament (RAP)"]
[Site "Biel, Switzerland"]
[Date "2026.07.12"]
[Round "5.20"]
[White "Manko, Mariia"]
[Black "Villiger, Jan"]
[Result "0-1"]
[TimeControl "15 + 5"]
[WhiteTitle "-"]
[BlackTitle "-"]
[WhiteFideId "14199220"]
[BlackFideId "1340891"]
[WhiteElo "2210"]
[BlackElo "1846"]

1. d4 Nf6 2. c4 g6 3. g3 c6 4. Bg2 d5 5. Nf3 Bg7 6. O-O O-O 7. Nc3 dxc4 8. e4 a5 9. Qe2 Be6 10. Rd1 b5 11. d5 cxd5 12. e5 Nfd7 13. Nxd5 Nc6 14.
Ng5 Bxd5 15. Bxd5 Ncxe5 16. Bxa8 Qxa8 17. Bf4 h6 18. Ne4 Nd3 19. Rxd3 cxd3 20. Qxd3 Ne5 21. Bxe5 Bxe5 22. Re1 Bxb2 23.
Qxb5 Bg7 24. Nc5 Qd5 25. Qxa5 Ra8 26. Qc7 Rxa2 27. Qb8+ Kh7 28. Qb3 Qxb3 29. Nxb3 Rb2 30. Nc5 Bd4 31. Ne4 f5 32. Rd1 e5 33.
Nd2 Kg7 34. Kf1 Kf6 35. Ke2 Bc3 36. Kd3 Bxd2 37. Rxd2 Rxd2+ 38. Kxd2 Ke6 39. f3 Kd5 40. Kd3 e4+ 41. Ke3 Ke5 42. h3 g5 43. fxe4 fxe4 44. Kd2 Kd4 45.
Ke2 e3 46. h4 g4 47. Ke1 Kd3 48. Kd1 h5 49. Ke1 e2 0-1

[Event "Rapid Tournament (RAP)"]
[Site "Biel, Switzerland"]
[Date "2026.07.12"]
[Round "5.21"]
[White "Habibi, Ali"]
[Black "Moesching, Colin"]
[Result "1-0"]
[TimeControl "15 + 5"]
[WhiteTitle "-"]
[BlackTitle "-"]
[WhiteFideId "4604393"]
[BlackFideId "1345036"]
[WhiteElo "2187"]
[BlackElo "1820"]

1. Nf3 Nf6 2. g3 d5 3.
Bg2 Bf5 4. O-O h6 5. d3 e6 6. Nbd2 Be7 7. Qe1 O-O 8. e4 Bh7 9. Qe2 c5 10. Ne1 Nc6 11. c3 Rc8 12. f4 Qb6 13. Kh1 Rfd8 14. e5 Nd7 15. Nef3 Qa6 16. Ne1 d4 17.
c4 b5 18. b3 Nb6 19. cxb5 Qxb5 20. Nc4 Nd5 21. Bd2 a5 22. g4 Bh4 23. Nf3 Be7 24. g5 Ndb4 25. Ne1 Nd5 26. h4 a4 27.
bxa4 Qxa4 28. gxh6 Qa6 29. Qg4 Bf8 30. hxg7 Be7 31. f5 exf5 32. Rxf5 Bxf5 33. Qxf5 Ncb4 34. h5 Qe6 35. Qxe6 fxe6 36. h6 Bh4 37. Be4 Ne7 38.
Nf3 Bf2 39. Ng5 Nf5 40. Nxe6 Ng3+ 41. Kg2 Nxe4 42. dxe4 Be3 43. Nxd8 Bxd2 44. Ne6 Bxh6 45. Kf3 Re8 46. Nxc5 Nc6 47. Nd7 Bxg7 48. Rg1 Re7 49. Nf6+ Kf7 50.
Ng4 Nxe5+ 51. Ngxe5+ Bxe5 52. a4 Bb8 53. Rb1 Ba7 54. Nd6+ Ke6 55. Nb5 Bc5 56. Rc1 Bb4 57. Rc4 Rf7+ 58.
Ke2 Bc3 59. Nxd4+ Bxd4 60. Rxd4 Ke5 61. Ke3 Rh7 62. Rd5+ Ke6 63. a5 Rh3+ 64. Kd4 Ra3 65. Re5+ Kd6 66. Rb5 Ra4+ 67. Ke3 Ra3+ 68. Kf4 Ra1 69. e5+ Ke6 70. Rb6+ Kd5 71. Rd6+ Kc5 72.
a6 Rf1+ 73. Ke4 Re1+ 74. Kf5 Rh1 75.
a7 Ra1 76. Rd7 Kc6 77. Ke6 Kb6 78.
Ke7 1-0

[Event "Rapid Tournament (RAP)"]
[Site "Biel, Switzerland"]
[Date "2026.07.12"]
[Round "5.22"]
[White "Gluckman, David"]
[Black "Boyer, Jean-Francois"]
[Result "1-0"]
[TimeControl "15 + 5"]
[WhiteTitle "-"]
[BlackTitle "-"]
[WhiteFideId "14300010"]
[BlackFideId "650226"]
[WhiteElo "2161"]
[BlackElo "1749"]

1. e4 e5 2. Nf3 Nc6 3. d4 exd4 4. Nxd4 Nf6 5. Nc3 Bb4 6. Nxc6 bxc6 7. Bd3 d5 8. exd5 cxd5 9. O-O O-O 10.
Bg5 c6 11. Na4 Qd6 12. Qc1 Ne4 13. Bf4 Qf6 14. c3 Ba5 15. f3 Nd6 16. Bg5 Qe6 17. Re1 Qd7 18. Re7 Qd8 19. Rxa7 Bb6+ 20.
Kh1 f6 21. Rxa8 fxg5 22. Nxb6 Qxb6 23.
Qxg5 Qb7 24. Ra4 Nf5 25. Rb4 Qc7 26. Bxf5 Rxf5 27. Qg3 Qd8 28. Re1 Rg5 29. Qf4 Rf5 30. Qe3 Rf7 31. Qe8+ Qxe8 32. Rxe8+ Re7 33. Rf8+ 1-0

[Event "Rapid Tournament (RAP)"]
[Site "Biel, Switzerland"]
[Date "2026.07.12"]
[Round "5.23"]
[White "Lang, Fabian"]
[Black "Kukushkin, Ivan"]
[Result "0-1"]
[TimeControl "15 + 5"]
[WhiteTitle "-"]
[BlackTitle "-"]
[WhiteFideId "1310160"]
[BlackFideId "11634103"]
[WhiteElo "1900"]
[BlackElo "2186"]

1. d4 d5 2. Nf3 Nf6 3. g3 e6 4. Bg2 Bd6 5. O-O O-O 6. c4 Nc6 7. Nbd2 Re8 8. Qc2 Bd7 9.
a3 Bf8 10. e4 dxe4 11. Nxe4 Nxe4 12. Qxe4 Na5 13. Qc2 Bc6 14. Bd2 Bxf3 15. Bxf3 Nc6 16. Bxc6 bxc6 17. Bc3 Qg5 18. Rfe1 Bd6 19.
Qe4 c5 20. d5 Rad8 21. f4 Qg4 22. Re2 f5 23. Qe3 exd5 24. Qxe8+ Rxe8 25. Rxe8+ Kf7 26. Rae1 d4 27. Ba5 Bxf4 28. R8e7+ Kg6 29. Bxc7 Be3+ 30. Kg2 f4 31. Be5 f3+ 32.
Kh1 f2 0-1

[Event "Rapid Tournament (RAP)"]
[Site "Biel, Switzerland"]
[Date "2026.07.12"]
[Round "5.24"]
[White "Filimonov, Arsenii"]
[Black "Fogo Esquivel, Levi Kalani Alexander"]
[Result "0-1"]
[TimeControl "15 + 5"]
[WhiteTitle "-"]
[BlackTitle "-"]
[WhiteFideId "34171584"]
[BlackFideId "5183189"]
[WhiteElo "1843"]
[BlackElo "2088"]

1. e4 e5 2. Nf3 Nc6 3. d4 exd4 4. Nxd4 Bc5 5. Be3 Qf6 6. c3 Nge7 7. Nc2 Bb6 8. g3 d5 9. Bxb6 axb6 10. Bg2 dxe4 11.
Bxe4 Bh3 12. Qf3 Qe6 13. Qe2 O-O 14. Bxc6 Qxc6 15. f3 Nf5 16. Kd1 Rfe8 17. Qf2 Qb5 18. g4 Rad8+ 19. Kc1 Re2 20. Qg1 Rxc2+ 21. Kxc2 Qd3+ 22. Kc1 Ne3 23. Qxe3 Qxe3+ 24. Kc2 Qd3+ 25. Kb3 Bxg4 26.
Re1 Be6+ 27. Rxe6 Qd1+ 28. Kb4 fxe6 0-1

[Event "Rapid Tournament (RAP)"]
[Site "Biel, Switzerland"]
[Date "2026.07.12"]
[Round "5.25"]
[White "Bonanomi, Silvan"]
[Black "Ling, Chenxuan"]
[Result "0-1"]
[TimeControl "15 + 5"]
[WhiteTitle "-"]
[BlackTitle "-"]
[WhiteFideId "1352644"]
[BlackFideId "30983118"]
[WhiteElo "1867"]
[BlackElo "2077"]

1. e4 e6 2. d4 d5 3. Nd2 Nf6 4. e5 Nfd7 5. Ndf3 c5 6. c3 Nc6 7. Bd3 Be7 8. Ne2 O-O 9. h4 cxd4 10.
cxd4 f6 11. Nf4 Ndxe5 12. dxe5 fxe5 13. Bxh7+ Kxh7 14. Ng5+ Kg8 15. Nfxe6 Bxe6 16. Nxe6 Qa5+ 17. Bd2 Qb6 18. Nxf8 Rxf8 19. Be3 Bb4+ 20. Ke2 d4 21. Qb3+ Kh8 22. a3 dxe3 23. axb4 Nd4+ 0-1

[Event "Rapid Tournament (RAP)"]
[Site "Biel, Switzerland"]
[Date "2026.07.12"]
[Round "5.26"]
[White "Tkhoruk, Roman"]
[Black "Aryan, Goyal"]
[Result "1/2-1/2"]
[TimeControl "15 + 5"]
[WhiteTitle "-"]
[BlackTitle "-"]
[WhiteFideId "34161589"]
[BlackFideId "366108825"]
[WhiteElo "2076"]
[BlackElo "1869"]

1. e4 e5 2. Nf3 Nc6 3. Bc4 Bc5 4. c3 Nf6 5. d4 exd4 6. e5 d5 7. Bb5 Ne4 8.
cxd4 Bb6 9. O-O O-O 10. Be3 Bg4 11.
Nc3 Bxf3 12. gxf3 Nxc3 13. bxc3 Qh4 14. Bxc6 bxc6 15. f4 Rae8 16. Qf3 f6 17. Qg3 Qh5 18. Kh1 fxe5 19. fxe5 Re6 20. f4 Rg6 21. Qf3 Qf5 22. Bc1 Rh6 23. Kg2 Re8 24.
Be3 Ree6 25. Bf2 Reg6+ 26. Bg3 Rh3 27. a4 a5 28. Ra2 h5 29. e6 Rxe6 30. Re2 Rxe2+ 31. Qxe2 h4 32. Qe5 Qd7 33.
f5 hxg3 34. Kxh3 gxh2 35. Kxh2 Qf7 36. Qe6 c5 37. Rf3 cxd4 38. Qc8+ Qf8 39. Qe6+ Qf7 40. cxd4 Bxd4 41. Rd3 c5 42. Qc8+ Qf8 43. Qe6+ Qf7 44. Qc8+ Qf8 45. Qe6+ Qf7 1/2-1/2

[Event "Rapid Tournament (RAP)"]
[Site "Biel, Switzerland"]
[Date "2026.07.12"]
[Round "5.27"]
[White "Egli, Urs"]
[Black "Schmied, Stefan"]
[Result "1-0"]
[TimeControl "15 + 5"]
[WhiteTitle "-"]
[BlackTitle "-"]
[WhiteFideId "1306685"]
[BlackFideId "1335804"]
[WhiteElo "1964"]
[BlackElo "1778"]

1. g3 d5 2. Bg2 Bf5 3. c4 c6 4. cxd5 cxd5 5. Qb3 e6 6. Qxb7 Nd7 7. Nf3 Bc5 8. d4 Rb8 9. Qa6 Bb6 10.
Bf4 Rc8 11. Nc3 Ngf6 12. O-O O-O 13. Rac1 Ne4 14. Nxe4 Bxe4 15. e3 Rc2 16. Rxc2 Bxc2 17. Rc1 Be4 18. Ne5 Nxe5 19. Bxe5 Bxg2 20.
Kxg2 f6 21. Bf4 g5 22. Bc7 Bxc7 23. Qxe6+ Kg7 24. Qc6 Bb6 25. b4 Rf7 26. Qe6 Qd7 27. Qxd7 Rxd7 28. a4 Rc7 29. Rb1 Rc4 30.
a5 Bd8 31. Kf3 a6 32. b5 axb5 33. Rxb5 Ra4 34. Rxd5 Bxa5 35. Ke4 Kg6 36. f4 gxf4 37. gxf4 Bd2 38. Kd3 Be1 39. e4 Bf2 40.
e5 fxe5 41. fxe5 Kf5 42. Rd7 Ke6 43. Rxh7 Rxd4+ 44. Kc3 Rd5 45. Rh8 Bd4+ 46. Kc4 Bf2 47. Re8+ 1-0

[Event "Rapid Tournament (RAP)"]
[Site "Biel, Switzerland"]
[Date "2026.07.12"]
[Round "5.28"]
[White "Klopfenstein, Francois"]
[Black "Alexakis, Dimitrios"]
[Result "0-1"]
[TimeControl "15 + 5"]
[WhiteTitle "-"]
[BlackTitle "-"]
[WhiteFideId "1303040"]
[BlackFideId "4200527"]
[WhiteElo "1815"]
[BlackElo "1954"]

1. e4 c5 2. Nc3 Nc6 3. f4 e6 4.
Nf3 Nge7 5. Bb5 a6 6. Bxc6 Nxc6 7. O-O d6 8. d3 Be7 9. a3 b5 10. Qe1 O-O 11. Nd1 Bb7 12. Ne3 Nd4 13.
Qf2 Rc8 14. Nd2 Bh4 15. g3 Bf6 16. c3 Nc6 17. Nf3 b4 18. Bd2 a5 19. Rad1 Ba6 20. Ne1 Rb8 21. Qf3 bxc3 22. bxc3 Be7 23.
Nc4 Bxc4 24. dxc4 Qc7 25. Nd3 Rb3 26. Ra1 Rfb8 27. e5 dxe5 28. fxe5 Rf8 29. Qf2 Nxe5 30. Bf4 Nxd3 31. Bxc7 Nxf2 32.
Rxf2 Rxc3 33. Bxa5 Rxc4 34. Raa2 Ra8 35. Bc7 Bf6 36. Kg2 Rca4 37. Bd6 Bd4 38. Rfc2 Rxa3 39. Rxa3 Rxa3 40. Bxc5 Bxc5 41.
Rxc5 g6 42. h4 h5 43. Kf2 Kg7 44.
Rc7 Kf6 45. Kg2 e5 46. Rc6+ Kf5 47. Rc7 f6 48. Rc5 Rb3 49. Rc4 e4 50. Ra4 Rb2+ 51. Kh3 Rd2 52. Ra5+ Ke6 53. Ra6+ Ke5 54.
Ra5+ Rd5 55. Ra8 e3 56. Re8+ Kd4 57. g4 hxg4+ 58. Kxg4 Re5 0-1

[Event "Rapid Tournament (RAP)"]
[Site "Biel, Switzerland"]
[Date "2026.07.12"]
[Round "5.29"]
[White "Pinelli, Gian"]
[Black "Wilhelm, Serge"]
[Result "1/2-1/2"]
[TimeControl "15 + 5"]
[WhiteTitle "-"]
[BlackTitle "-"]
[WhiteFideId "1348710"]
[BlackFideId "1305808"]
[WhiteElo "1774"]
[BlackElo "1923"]

1. d4 Nf6 2. c4 e6 3. Nc3 Bb4 4. Qc2 Nc6 5. Nf3 d6 6.
a3 Bxc3+ 7. Qxc3 O-O 8. Bg5 h6 9. Bh4 Qe7 10. Qc2 e5 11. d5 Nb8 12. e4 b6 13. Be2 Nbd7 14. b4 a5 15.
O-O Bb7 16. Nd2 Rfe8 17. f3 Qf8 18. Bd3 axb4 19. axb4 Rxa1 20. Rd1 Rb1 21. Rxb1 Rb8 22. Ra1 Ra8 23. Qb2 Rxa1+ 24. Qxa1 Qa8 25. Qxa8+ Bxa8 26. Bf2 Kf8 27. Nb3 Ke7 28. c5 bxc5 29. bxc5 Nxc5 30. Nxc5 dxc5 31. Bxc5+ Kd7 32. Bf8 Ne8 33. Bc4 h5 34. Kf2 g6 35. Ke3 Nd6 36. Bb3 f6 37. Ba4+ Kd8 38. g4 hxg4 39.
fxg4 g5 40. Kd3 Bb7 41. Bxd6 Ba6+ 42. Ke3 1/2-1/2

[Event "Rapid Tournament (RAP)"]
[Site "Biel, Switzerland"]
[Date "2026.07.12"]
[Round "5.30"]
[White "Huang, Hsuan-Chen"]
[Black "Frey, Fabian"]
[Result "0-1"]
[TimeControl "15 + 5"]
[WhiteTitle "-"]
[BlackTitle "-"]
[WhiteFideId "16303121"]
[BlackFideId "1336487"]
[WhiteElo "1648"]
[BlackElo "2207"]

1. d4 d5 2. Nf3 e6 3. e3 c5 4. c3 Nc6 5. Bd3 Nf6 6. Nbd2 a5 7. a4 Bd6 8. O-O O-O 9. dxc5 Bxc5 10.
e4 dxe4 11. Nxe4 Nxe4 12. Bxe4 h6 13. Qe2 Qc7 14. Rd1 Bd7 15. Bc2 Rad8 16. Qe4 f5 17. Qc4 Bd6 18. Be3 Ne5 19. Nxe5 Bxe5 20.
Qh4 Bf6 21. Qg3 Be5 22. f4 Bd6 23. Qf2 Qc6 24. Bd3 Qc8 25. Bb6 Bc7 26. Bc5 Rfe8 27. Be2 Bxf4 28. Bh5 e5 29. Bxe8 Rxe8 30.
Be3 Bxe3 31. Qxe3 f4 32.
Qb6 Bc6 33. Rd2 e4 34. Rad1 Kh7 35. Rd8 Qg4 36. h3 Qh5 37. Qf2 e3 38. Qe1 Qg5 39. Qe2 Rxd8 0-1

[Event "Rapid Tournament (RAP)"]
[Site "Biel, Switzerland"]
[Date "2026.07.12"]
[Round "5.31"]
[White "Rohde, Bernhard"]
[Black "Fernandes Barbosa Dos Santos, Gabriel"]
[Result "0-1"]
[TimeControl "15 + 5"]
[WhiteTitle "-"]
[BlackTitle "-"]
[WhiteFideId "1323016"]
[BlackFideId "1354388"]
[WhiteElo "1834"]
[BlackElo "2199"]

1. e4 c5 2. d4 cxd4 3. Nf3 e5 4. c3 dxc3 5. Bc4 Nc6 6. Nxc3 d6 7. O-O Be7 8. Qb3 Na5 9. Bb5+ Bd7 10. Qa4 Nc6 11. Nd5 Nf6 12.
Be3 a6 13. Bd3 Nxd5 14. exd5 Nd4 15. Qd1 Nxf3+ 16. Qxf3 O-O 17. Rac1 f5 18. Qe2 b5 19. f4 Bf6 20. fxe5 Bxe5 21.
Qf2 Rc8 22. Bb6 Qf6 23. b3 Qh6 24. Rxc8 0-1

[Event "Rapid Tournament (RAP)"]
[Site "Biel, Switzerland"]
[Date "2026.07.12"]
[Round "5.32"]
[White "Duric, Ivan"]
[Black "Harish, Neeraj"]
[Result "0-1"]
[TimeControl "15 + 5"]
[WhiteTitle "-"]
[BlackTitle "-"]
[WhiteFideId "1358138"]
[BlackFideId "30958130"]
[WhiteElo "1832"]
[BlackElo "2140"]

1. d4 Nf6 2. c4 g6 3.
Nc3 d5 4. cxd5 Nxd5 5. e4 Nxc3 6.
bxc3 Bg7 7. Nf3 c5 8. Bf4 O-O 9. Rc1 Qa5 10. Qd2 Rd8 11. Be2 Bg4 12. O-O Nc6 13. Qb2 Rd7 14. d5 Nd8 15.
Ne5 Bxe2 16. Qxe2 Bxe5 17. Bxe5 f6 18. Qg4 Qa4 19. Bg3 Rxd5 20. f4 Qxe4 21. Rce1 Qf5 22. Qf3 Rd7 23. Qe2 Nf7 24.
Qc4 Rad8 25. Bf2 b6 26. a4 Kf8 27. a5 Qd3 28. Qb3 Qd5 29. c4 Qd3 30. Qb5 Nd6 31. Qb1 Qxb1 32. Rxb1 Nxc4 33.
axb6 axb6 34. Rfc1 Nb2 35. Rxb2 Rd1+ 36. Rxd1 Rxd1+ 37. Be1 Rxe1+ 38. Kf2 Re6 39. g3 Ke8 40. Rb5 Kd7 41. g4 Kc6 42. Rb3 c4 43. Re3 Rxe3 44. Kxe3 b5 45. Kd4 Kd6 46. h4 e5+ 47. fxe5+ fxe5+ 48. Kc3 e4 49. h5 gxh5 50. gxh5 e3 51. h6 b4+ 52. Kc2 b3+ 0-1

[Event "Rapid Tournament (RAP)"]
[Site "Biel, Switzerland"]
[Date "2026.07.12"]
[Round "5.33"]
[White "El-Mais, Ibaa"]
[Black "Gaier, Walter"]
[Result "1-0"]
[TimeControl "15 + 5"]
[WhiteTitle "-"]
[BlackTitle "-"]
[WhiteFideId "1312715"]
[BlackFideId "1310186"]
[WhiteElo "2100"]
[BlackElo "1832"]

1. d4 d5 2. c4 e5 3.
dxe5 d4 4. Nf3 c5 5. g3 Nc6 6.
Bg2 Nge7 7. O-O Ng6 8. e3 Be6 9. b3 d3 10. Bb2 Be7 11. h3 Qd7 12. Kh2 Rd8 13. Nbd2 h5 14. h4 Bg4 15. Qc1 Nb4 16. e6 Qxe6 17.
Bxg7 Rg8 18. Bc3 Nc2 19. Rb1 Qd7 20. Ne4 Qc7 21. Nf6+ Bxf6 22. Bxf6 Rd6 23. Bg5 Qd7 24. Qb2 Qf5 25. Nd2 Be2 26. Ne4 Re6 27. Nf6+ Rxf6 28. Qxf6 1-0

[Event "Rapid Tournament (RAP)"]
[Site "Biel, Switzerland"]
[Date "2026.07.12"]
[Round "5.34"]
[White "Di Meo, Quentin"]
[Black "Piazza, Carlo"]
[Result "1-0"]
[TimeControl "15 + 5"]
[WhiteTitle "-"]
[BlackTitle "-"]
[WhiteFideId "1338498"]
[BlackFideId "809683"]
[WhiteElo "1828"]
[BlackElo "2076"]

1. Nf3 c5 2. b3 Nc6 3.
Bb2 d5 4. e3 f6 5. d4 e6 6. Be2 Bd6 7. O-O Nge7 8. Nbd2 O-O 9. c4 b6 10. Rc1 Bb7 11. a3 Qd7 12. Qc2 Rac8 13.
Bd3 g6 14. Rfe1 Na5 15. e4 cxd4 16. exd5 e5 17. Qb1 b5 18. Ne4 Nxb3 19. Rc2 bxc4 20. Rxc4 Bxd5 21. Rxc8 Rxc8 1-0

[Event "Rapid Tournament (RAP)"]
[Site "Biel, Switzerland"]
[Date "2026.07.12"]
[Round "5.35"]
[White "De Gregorio, Alexis"]
[Black "Fortier, Nicolas"]
[Result "1-0"]
[TimeControl "15 + 5"]
[WhiteTitle "-"]
[BlackTitle "-"]
[WhiteFideId "1310054"]
[BlackFideId "1308750"]
[WhiteElo "2030"]
[BlackElo "1810"]

1. d4 d5 2. c4 c6 3.
Nf3 Nf6 4. Nc3 dxc4 5. a4 Bf5 6. e3 e6 7. Bxc4 Bb4 8. O-O O-O 9. Ne5 Nbd7 10. Bd3 Bxd3 11. Nxd3 Be7 12. f3 c5 13.
Ne2 cxd4 14. Nxd4 Qb6 15. Qb3 Rfd8 16. Rd1 Nd5 17. Qxb6 N7xb6 18. e4 Nb4 19. Nxb4 Bxb4 20. Be3 Nc4 21.
Bf2 Ba5 22. b3 Ne5 23. Rac1 Rac8 24. Nb5 Rxc1 25. Rxc1 a6 26. Na3 Kf8 27. Be3 Rd3 28. Rc8+ Ke7 29. Bf4 Ng6 30. Nc4 Nxf4 31.
Nxa5 b6 32. Rc7+ Kf6 33. e5+ Kg6 34. Nc4 Rxb3 35. g3 Nd5 36. Rc6 b5 37. axb5 axb5 38. Nd6 Rxf3 39. Kg2 Re3 40. Nxb5 Rxe5 41.
Nd4 Nf6 42. Kf3 Nd5 43. Rc8 Re3+ 44. Kf2 Rd3 45. Nf3 Ra3 46. Rc2 f6 47. Nd4 e5 48. Ne6 Nb4 49. Rc7 Nd3+ 50. Ke2 e4 51.
Rxg7+ Kh6 52. Rf7 Ra2+ 53. Ke3 Kg6 54. Rg7+ Kf5 55. Nd4+ Ke5 56. Re7+ Kd5 1-0

[Event "Rapid Tournament (RAP)"]
[Site "Biel, Switzerland"]
[Date "2026.07.12"]
[Round "5.36"]
[White "Brixius, Dirk"]
[Black "Arntz, Christoph"]
[Result "1/2-1/2"]
[TimeControl "15 + 5"]
[WhiteTitle "-"]
[BlackTitle "-"]
[WhiteFideId "12909734"]
[BlackFideId "16257723"]
[WhiteElo "1821"]
[BlackElo "1999"]

1. c4 Nf6 2. Nc3 c5 3. e4 Nc6 4. Nf3 d6 5. d3 e6 6. g3 Be7 7. Bg2 O-O 8. O-O h6 9. a3 Nd4 10.
b4 Bd7 11. b5 e5 12. Nxd4 cxd4 13. Nd5 Nxd5 14. exd5 a6 15. bxa6 Rxa6 16. Bd2 b5 17. f4 bxc4 18. dxc4 exf4 19.
Rxf4 Bf6 20. Bb4 Be5 21. Rf2 d3 22. Raa2 Bd4 23. Qxd3 Bxf2+ 24. Rxf2 1/2-1/2

[Event "Rapid Tournament (RAP)"]
[Site "Biel, Switzerland"]
[Date "2026.07.12"]
[Round "5.37"]
[White "Javet, Blaise"]
[Black "Alrefae, Ahmad"]
[Result "0-1"]
[TimeControl "15 + 5"]
[WhiteTitle "-"]
[BlackTitle "-"]
[WhiteFideId "1305026"]
[BlackFideId "10306510"]
[WhiteElo "1980"]
[BlackElo "1797"]

1. Nf3 f5 2. d4 e6 3. g3 Nf6 4. Bg2 d6 5. c4 Be7 6. Nc3 O-O 7. Qc2 Nc6 8. O-O e5 9. d5 Nb4 10. Qb3 a5 11. Ng5 Qe8 12. c5 Na6 13. Be3 Ng4 14.
Ne6 Qh5 15. h3 Nxe3 16. fxe3 Bxe6 17. dxe6 Nxc5 18. Qc2 c6 19. e4 f4 20. g4 Qg6 21. Na4 Nxa4 22. Qxa4 Qxe6 23. Rac1 b5 24. Qc2 c5 25. b3 a4 26. Qd3 b4 27. e3 Bg5 28.
exf4 Bxf4 29. Rcd1 axb3 30. axb3 Rfd8 31. Qd5 Qxd5 32. Rxd5 Ra3 33. Rf3 Kf7 34. Bf1 Ke7 35. Bc4 Rda8 36.
Rfd3 Ra1+ 37. Rd1 Be3+ 38. Kg2 Bd4 39. Rxa1 Rxa1 40. h4 Rc1 41. h5 Rxc4 0-1

[Event "Rapid Tournament (RAP)"]
[Site "Biel, Switzerland"]
[Date "2026.07.12"]
[Round "5.38"]
[White "Yang, Sung-Jui"]
[Black "Liengme, Samuel"]
[Result "1-0"]
[TimeControl "15 + 5"]
[WhiteTitle "-"]
[BlackTitle "-"]
[WhiteFideId "16301048"]
[BlackFideId "1368141"]
[WhiteElo "1825"]
[BlackElo "1967"]

1. d4 Nf6 2. Nf3 d6 3. c4 g6 4.
Nc3 Bg7 5. e4 O-O 6. h3 c5 7. d5 a6 8. a4 Re8 9. Bd3 e6 10. O-O exd5 11. cxd5 Nbd7 12. Bf4 Qb6 13. Qc2 Nh5 14.
Be3 Ne5 15. Be2 a5 16. Nd2 Nf6 17. f4 Ned7 18. Nc4 Qc7 19. Nb5 Qb8 20. Nbxd6 Re7 21. Rad1 b6 22. Bf3 Ba6 23. Rfe1 Ne8 24.
e5 Nxd6 25. Nxd6 g5 26. Nf5 Re8 27. Nxg7 Kxg7 28. Qf5 Nxe5 29. Qxg5+ Ng6 30. f5 Qe5 31. Qh6+ Kh8 32. fxg6 fxg6 33.
d6 Rad8 34. Bg5 1-0

[Event "Rapid Tournament (RAP)"]
[Site "Biel, Switzerland"]
[Date "2026.07.12"]
[Round "5.39"]
[White "Papageorgiou Martinella, Ilios"]
[Black "Schwab, Felix"]
[Result "1/2-1/2"]
[TimeControl "15 + 5"]
[WhiteTitle "-"]
[BlackTitle "-"]
[WhiteFideId "1368494"]
[BlackFideId "1311450"]
[WhiteElo "1809"]
[BlackElo "1945"]

1. d4 Nf6 2. c4 e6 3. Nc3 Bb4 4.
f3 c5 5. d5 b5 6. e4 bxc4 7.
Bxc4 exd5 8. Bxd5 Nxd5 9. Qxd5 Nc6 10.
Nge2 O-O 11. O-O Bb7 12. a3 Na5 13. Qf5 Bxc3 14. Nxc3 Nb3 15. Rb1 Qb6 16. Be3 Qe6 17. Qxe6 dxe6 18. Rbd1 Rac8 19. Rd7 Rb8 20. Rfd1 e5 21. Re7 Rfe8 22.
Rxe8+ Rxe8 23. Rd7 Rb8 24. Rc7 Kf8 25. Bxc5+ Nxc5 26. Rxc5 f6 27. b4 Rd8 28. Rc7 Rb8 29. Nb5 Bxe4 30.
fxe4 Rxb5 31. Rxa7 Rb6 32. Ra5 Kf7 33. b5 Rd6 34. a4 Rd2 35. Ra7+ Kg6 36. b6 Kg5 37. b7 Rb2 38. g3 Kg4 39. b8=Q Rxb8 40. Rxg7+ Kf3 41. h4 Rb1+ 42. Kh2 Rb2+ 43.
Kg1 h5 44. Rg6 Rb1+ 45. Kh2 Rb2+ 46. Kh3 f5 47. exf5 Rb1 48. Kh2 Rb2+ 49. Kg1 Rb1+ 1/2-1/2

[Event "Rapid Tournament (RAP)"]
[Site "Biel, Switzerland"]
[Date "2026.07.12"]
[Round "5.40"]
[White "Mueller, Ladina"]
[Black "Hashem, Khaled"]
[Result "0-1"]
[TimeControl "15 + 5"]
[WhiteTitle "-"]
[BlackTitle "-"]
[WhiteFideId "1351907"]
[BlackFideId "10300201"]
[WhiteElo "1807"]
[BlackElo "1926"]

1. c4 c6 2. Nc3 d5 3. cxd5 cxd5 4. d4 Nf6 5.
g3 Nc6 6. e3 Bf5 7. a3 e6 8. Bg2 Be7 9. Nf3 h6 10. b4 Rc8 11. Bb2 a6 12. Na4 O-O 13. O-O Ne4 14. Rc1 b5 15.
Nc5 Nxc5 16. dxc5 Bg4 17. Qd2 Bxf3 18. Bxf3 Bf6 19. Rcd1 Ne5 20. Bxe5 Bxe5 21. Bg2 a5 22. f4 Bf6 23.
Qc2 axb4 24. axb4 Qc7 25. e4 dxe4 26. Bxe4 Rfd8 27. Bd3 Rd4 28. Bxb5 Rxb4 29. Rd7 Qa5 30. Be2 Rb2 31. Qd3 Qxc5+ 32. Kh1 Rxe2 0-1